 Dungeon Crawl Stone Soup version 0.19-a0-1065-gdac414d (webtiles) character file.

22821 fcileqlfle the Cleaver (level 12, -7/110 HPs)
             Began as a Minotaur Fighter on Aug 4, 2016.
             Was the Champion of Okawaru.
             Mangled by a death yak (17 damage)
             ... on level 3 of the Lair of Beasts.
             The game lasted 00:33:46 (12846 turns).

fcileqlfle the Cleaver (Minotaur Fighter)          Turns: 12846, Time: 00:33:46

Health: -7/110     AC: 23    Str: 28    XL:     12   Next: 66%
Magic:  7/11       EV: 12    Int:  5    God:    Okawaru [******]
Gold:   594        SH: 13    Dex: 11    Spells: 1 memorised, 10 levels left

rFire  . . .     SeeInvis .     a - +1 war axe
rCold  . . .     Gourm    .     i - +0 chain mail
rNeg   . . .     Faith    .     A - +0 shield {reflect}
rPois  .         Spirit   .     (helmet restricted)
rElec  .         Dismiss  .     t - +1 cloak
rCorr  .         Reflect  +     O - +2 pair of gloves {archery}
SustAt .         Harm     .     (no boots)
MR     +....                    (no amulet)
Stlth  ..........               I - +5 ring of protection
                                h - +3 ring of strength

@: finesse
A: retaliatory headbutt, horns 2, magic resistance 1, regeneration 1
a: Heroism, Finesse, Renounce Religion


You were on level 3 of the Lair of Beasts.
You worshipped Okawaru.
Okawaru was exalted by your worship.
You were not hungry.

You visited 3 branches of the dungeon, and saw 14 of its levels.
You also visited: Labyrinth.

You collected 594 gold pieces.

Inventory:

Hand Weapons
 a - a +1 war axe (weapon)
 u - a +1 falchion of flaming
 J - the +8 longbow "Upaluilay" {freeze, +Blink, unknown}
   (Okawaru gifted it to you in a labyrinth)

   It causes projectiles fired from it to freeze those they strike, causing
   extra injury to most foes and up to half again as much damage against
   particularly susceptible opponents.
   They can also slow down cold-blooded creatures.
   It lets you blink.
Armour
 i - a +0 chain mail (worn)
 t - a +1 cloak (worn)
 A - a +0 shield of reflection (worn)
 D - a +0 plate armour
 O - a +2 pair of gloves of archery (worn)
 R - a shadow dragon hide
Jewellery
 c - a +3 ring of intelligence
 h - a +3 ring of strength (left hand)
 I - a +5 ring of protection (right hand)
 M - an uncursed ring of wizardry
 P - an uncursed ring of see invisible
Wands
 d - a wand of digging (14/24)
 g - a wand of acid (12/15)
 C - a wand of lightning (6/15)
 S - a wand of iceblast (2/15)
Scrolls
 k - 5 scrolls of teleportation
 m - 7 scrolls of remove curse
 y - 4 scrolls of recharging
 B - 3 scrolls of amnesia
 F - 5 scrolls of identify
 H - 3 scrolls of blinking
 Q - 2 scrolls of immolation
Potions
 n - 2 potions of flight
 w - a potion of brilliance
Books
 b - a book of the Earth

   Spells                             Type                      Level
   a - Leda's Liquefaction            Hexes/Earth                  4
   b - Bolt of Magma                  Conjuration/Fire/Earth       5
   c - Statue Form                    Transmutation/Earth          6
   d - Iron Shot                      Conjuration/Earth            6
   e - Shatter                        Earth                        9
 e - a book of Power

   Spells                             Type                      Level
   a - Fulminant Prism                Conjuration/Hexes            4
   b - Iskenderun's Mystic Blast      Conjuration                  4
   c - Venom Bolt                     Conjuration/Poison           5
   d - Bolt of Magma                  Conjuration/Fire/Earth       5
   e - Iron Shot                      Conjuration/Earth            6
   f - Orb of Destruction             Conjuration                  7
   g - Spellforged Servitor           Conjuration/Summoning        7
 x - a book of Burglary

   Spells                             Type                      Level
   a - Swiftness                      Charms/Air                   2
   b - Passwall                       Transmutation/Earth          2
   c - Passage of Golubria            Translocation                4
   d - Lee's Rapid Deconstruction     Earth                        5
   e - Darkness                       Hexes                        6
   f - Invisibility                   Hexes                        6
 z - a book of Spatial Translocations

   Spells                             Type                      Level
   a - Apportation                    Translocation                1
   b - Blink                          Translocation                2
   c - Shroud of Golubria             Charms/Translocation         2
   d - Portal Projectile              Translocation                3
   e - Teleport Other                 Translocation                3
   f - Passage of Golubria            Translocation                4
 E - a book of the Sky

   Spells                             Type                      Level
   a - Summon Lightning Spire         Summoning/Air                4
   b - Airstrike                      Air                          4
   c - Silence                        Hexes/Air                    5
   d - Deflect Missiles               Charms/Air                   6
   e - Conjure Ball Lightning         Conjuration/Air              6
   f - Tornado                        Air                          9
 K - Sif Muna's Almanac of Clay
   (You found it in a labyrinth)

   Spells                             Type                      Level
   a - Passwall                       Transmutation/Earth          2
   b - Stone Arrow                    Conjuration/Earth            3
   c - Leda's Liquefaction            Hexes/Earth                  4
   d - Bolt of Magma                  Conjuration/Fire/Earth       5
   e - Lee's Rapid Deconstruction     Earth                        5
   f - Iron Shot                      Conjuration/Earth            6
 L - a book of Geomancy

   Spells                             Type                      Level
   a - Sandblast                      Earth                        1
   b - Passwall                       Transmutation/Earth          2
   c - Stone Arrow                    Conjuration/Earth            3
   d - Petrify                        Transmutation/Earth          4
   e - Lee's Rapid Deconstruction     Earth                        5
 N - the Guide on Heat and Flight
   (You found it in a labyrinth)

   Spells                             Type                      Level
   a - Conjure Flame                  Conjuration/Fire             3
   b - Silence                        Hexes/Air                    5
   c - Deflect Missiles               Charms/Air                   6
   d - Tornado                        Air                          9
Comestibles
 f - 8 bread rations
 l - 2 beef jerkies
 o - 4 meat rations
 p - 7 slices of pizza
 r - a royal jelly
 v - 9 fruits
 T - 4 chunks of flesh


   Skills:
 + Level 11.0 Fighting
 * Level 14.4 Axes
 + Level 11.4 Armour
 + Level 9.4 Dodging
 + Level 10.8 Shields


You had 10 spell levels left.
You knew the following spells:

 Your Spells              Type           Power        Failure   Level  Hunger
a - Apportation           Tloc           #.........   100%        1    ##.....


Dungeon Overview and Level Annotations

Branches:
Dungeon (10/15)            Temple (1/1) D:5            Lair (3/6) D:9
  Snake (0/4) Lair:3          Orc (0/2) D:9
  Swamp: Lair:2-4    Shoals: Lair:2-4

Altars:
Ashenzari
Cheibriados
Dithmenos
Elyvilon
Fedhas
Gozag
Hepliaklqana
Kikubaaqudgha
Makhleb
Nemelex Xobeh
Okawaru
Pakellas
Qazlal
Ru
Sif Muna
Trog
Uskayaw
Vehumet
Xom
Yredelemnul
Zin
The Shining One


Innate Abilities, Weirdness & Mutations

You reflexively headbutt those who attack you in melee.
You have a pair of horns on your head.
You are resistant to hostile enchantments. (MR+)
Your natural rate of healing is unusually fast.


Message History

* * * LOW HITPOINT WARNING * * *
You slice the death yak!!
The death yak is almost dead.
You completely miss the death yak. You hit the death yak.
You hit the death yak but do no damage.
Unknown command.
You slash the death yak!
You kill the death yak!
Okawaru is honoured by your kill.
You completely miss the death yak. You barely miss the death yak.
You slash the death yak!
Unknown command.
You hit the death yak.
The death yak is heavily wounded.
You hit the death yak. You barely miss the death yak.
You block the death yak's attack. The death yak gores you!
* * * LOW HITPOINT WARNING * * *
The death yak gores you but does no damage.
You feel better. The death yak gores you!
You die...

.......................
........................
..................>.....
........###.#....#.....
#.......# #.######....#
###.....##### #....#
#......# #....#
##)....####.. #...#.
#P...@Y......# #....#.
#....Y.Y##.#... ##...##
###......# ##. #...##
.......## #..###...##
.......... #..#.....##
........... .........#.
........... ...........
............ ...........
..........)


You could see 3 death yaks.

Vanquished Creatures
  The ghost of Vergil the Carver, a journeyman DrWr of Gozag (Lair:3)
  A minotaur (Lab)
  A hydra (D:8)
  A death yak (Lair:3)
  The ghost of jedvagenij the Protected, a novice DDFi of Makhleb (D:7)
  The ghost of bezhaha the Carver, a novice TeFi (D:8)
  4 elephants (Lair:3)
  3 black mambas
  A guardian serpent (D:10)
  The ghost of Lysie the Nimble, a novice KoAs (D:6)
  4 spiny frogs
  5 komodo dragons
  2 trolls
  3 two-headed ogres
  8 blink frogs
  2 redbacks (Lab)
  A basilisk (Lair:2)
  18 yaks
  6 hippogriffs
  3 wargs (D:9)
  2 hungry ghosts
  3 nagas (Lair:3)
  7 water moccasins
  2 porcupines
  3 sky beasts (D:8)
  2 black bears
  4 orc warriors
  A necrophage (D:7)
  2 ogres (D:7)
  6 wolves
  2 centaurs
  3 crocodiles
  4 big kobolds
  13 giant frogs
  2 scorpions (D:5)
  A water moccasin skeleton (D:4)
  6 killer bees
  7 wights
  3 centaur zombies
  4 crimson imps
  A quasit (D:5)
  2 jellies
  8 orc priests
  5 hounds
  8 orc wizards
  A giant frog skeleton (D:6)
  3 iguanas
  9 worker ants
  2 sheep (D:8)
  2 hound skeletons
  A worker ant zombie (D:7)
  9 adders
  8 river rats (Lair:1)
  A shadow imp (D:6)
  An ooze (D:3)
  2 worms (D:3)
  A dart slug (D:1)
  5 giant geckos
  46 orcs
  2 ball pythons
  4 bats
  8 giant cockroaches
  10 goblins
  7 hobgoblins
  14 jackals
  4 quokkas
  A giant gecko zombie (D:7)
  7 giant newts
  8 kobolds
  5 rats
  A fungus (Lair:2)
330 creatures vanquished.

Notes
Turn   | Place    | Note
-------+----------+-------------------------------------------
     0 | D:1      | fcileqlfle the Minotaur Fighter began the quest for the Orb.
     0 | D:1      | Reached XP level 1. HP: 19/19 MP: 0/0
    24 | D:1      | Reached XP level 2. HP: 22/27 MP: 1/1
   314 | D:1      | Reached skill level 1 in Dodging
   450 | D:1      | Reached XP level 3. HP: 33/33 MP: 2/2
  1261 | D:3      | Found a shadowy altar of Dithmenos.
  1276 | D:3      | Reached skill level 3 in Axes
  1276 | D:3      | Reached XP level 4. HP: 27/40 MP: 3/3
  2019 | D:4      | Reached XP level 5. HP: 47/47 MP: 4/4
  2349 | D:4      | Reached skill level 4 in Axes
  2409 | D:4      | Gained mutation: You are resistant to hostile enchantments. (MR+) [potion of beneficial mutation]
  3316 | D:5      | Entered Level 5 of the Dungeon
  3337 | D:5      | Reached skill level 5 in Fighting
  3337 | D:5      | Reached XP level 6. HP: 50/56 MP: 5/5
  3395 | D:5      | Reached skill level 5 in Armour
  3451 | D:5      | Found an oddly glowing altar of Pakellas.
  4213 | D:5      | Reached skill level 5 in Axes
  4459 | D:5      | Found a staircase to the Ecumenical Temple.
  4466 | Temple   | Entered the Ecumenical Temple
  4475 | Temple   | Became a worshipper of Warmaster Okawaru
  4570 | D:5      | Reached XP level 7. HP: 43/61 MP: 6/6
  5055 | D:6      | Found a hide-covered altar of Uskayaw.
  5072 | D:6      | Reached skill level 5 in Shields
  5076 | D:6      | Reached * piety under Okawaru
  5307 | D:6      | Reached skill level 6 in Axes
  5345 | D:6      | Noticed Lysie's ghost (novice KoAs)
  5376 | D:6      | Gained mutation: Armour fits poorly on your strangely shaped body. [potion of mutation]
  5376 | D:6      | Lost mutation: Armour fits poorly on your strangely shaped body. [potion of mutation]
  5376 | D:6      | Gained mutation: Your natural rate of healing is unusually fast. [potion of mutation]
  5387 | D:6      | Killed Lysie's ghost
  5387 | D:6      | Reached ** piety under Okawaru
  5387 | D:6      | Reached skill level 7 in Axes
  5387 | D:6      | Reached XP level 8. HP: 36/71 MP: 7/7
  6125 | D:7      | Reached skill level 5 in Dodging
  6130 | D:7      | Reached *** piety under Okawaru
  6130 | D:7      | Reached skill level 8 in Axes
  6200 | D:7      | Noticed jedvagenij's ghost (novice DDFi)
  6208 | D:7      | Killed jedvagenij's ghost
  6208 | D:7      | Reached **** piety under Okawaru
  6208 | D:7      | Reached XP level 9. HP: 65/79 MP: 8/8
  6462 | D:7      | Reached skill level 9 in Axes
  6867 | D:8      | Noticed bezhaha's ghost (novice TeFi)
  6883 | D:8      | Killed bezhaha's ghost
  6883 | D:8      | Reached ***** piety under Okawaru
  6910 | D:8      | Reached skill level 10 in Axes
  6932 | D:8      | Reached XP level 10. HP: 87/88 MP: 9/9
  7447 | D:8      | Noticed a two-headed hydra
  7453 | D:8      | Killed a one-headed hydra
  7643 | D:9      | Learned a level 1 spell: Apportation
  7679 | D:9      | Received a gift from Okawaru
  7759 | D:9      | Found a staircase to the Orcish Mines.
  7786 | D:9      | Reached skill level 11 in Axes
  7806 | D:9      | Found a staircase to the Lair.
  7941 | D:9      | Found an opulent altar of Gozag.
  8209 | D:9      | Found a burning altar of Makhleb.
  8223 | D:9      | Found a blossoming altar of Fedhas.
  8478 | D:9      | Found an ancient bone altar of Kikubaaqudgha.
  8482 | D:9      | Found a white marble altar of Elyvilon.
  8482 | D:9      | Found a bloodstained altar of Trog.
  8544 | D:9      | Reached XP level 11. HP: 87/97 MP: 10/10
  8715 | D:10     | Entered Level 10 of the Dungeon
  8941 | D:10     | Reached skill level 12 in Axes
  9466 | Lair:1   | Entered Level 1 of the Lair of Beasts
  9473 | Lair:1   | HP: 4/97 [komodo dragon (27)]
  9698 | Lair:1   | Found a labyrinth entrance.
  9707 | Lab      | Entered a labyrinth
 10084 | Lab      | Reached skill level 10 in Armour
 10390 | Lab      | Noticed a minotaur
 10404 | Lab      | Killed a minotaur
 10404 | Lab      | Received a gift from Okawaru
 10408 | Lab      | Got a shimmering longbow {god gift}
 10459 | Lab      | Identified Sif Muna's Almanac of Clay
 10467 | Lab      | Identified the Guide on Heat and Flight
 10500 | Lair:1   | Reached skill level 10 in Fighting
 10864 | Lair:1   | Reached skill level 13 in Axes
 11323 | Lair:2   | Received a gift from Okawaru
 11462 | Lair:2   | Reached skill level 10 in Shields
 11502 | Lair:2   | Reached XP level 12. HP: 107/107 MP: 11/11
 12176 | Lair:3   | Noticed Vergil's ghost (journeyman DrWr)
 12487 | Lair:3   | Killed Vergil's ghost
 12525 | Lair:3   | Found a staircase to the Snake Pit.
 12557 | Lair:3   | Reached skill level 14 in Axes
 12559 | Lair:3   | Reached ****** piety under Okawaru
 12825 | Lair:3   | Noticed a death yak
 12826 | Lair:3   | Noticed a death yak
 12827 | Lair:3   | Noticed a death yak
 12827 | Lair:3   | Noticed a death yak
 12833 | Lair:3   | Received a gift from Okawaru
 12844 | Lair:3   | Killed a death yak
 12845 | Lair:3   | HP: 1/110 [death yak (17)]
 12846 | Lair:3   | Mangled by a death yak

Vault maps used:
D:1:      minmay_arrival_solitary_statue
D:3:      grunt_dithmenos_smoke, first_bread
D:5:      grunt_pakellas_salt
D:6:      old_standard_altar
D:8:      hangedman_ranch
D:9:      kennysheep_mini, lemuel_coloured_pillars_altar,
          grunt_temple_overflow_open, erik_lair_orcish_takeover, orc_0_dummy
D:10:     nrook_guardian_serpent_ordinary
Temple:   cyrus_circular_temple
Lair:1:   lab_entry_generic
Lair:2:   grunt_megastairs_3, serial_bayou_shore_a
Lair:3:   regret_index_wax_grids, minmay_swamp_entry_worms,
          minmay_snake_entry_guardpost_small, nicolae_lair_grove_arrangements,
          infiniplex_staircase_pool_2
Lab:      nicolae_lab_dead_adventurers, nicolae_lab_statue, nicolae_lab_garden,
          nicolae_lab_starburst, nicolae_lab_stuck, nicolae_lab_arrow,
          labyrinth_skeletal_remains

Skill      XL: |  1  2  3  4  5  6  7  8  9 10 11 12 |
---------------+-------------------------------------+-----
Armour         | 4 5 6 7 8 9 10 11 | 11.4
Dodging        | 1 2 3 4 5 6 7 8 9 |  9.4
Fighting       | 4 5 6 7 8 9 10 11 | 11.0
Axes           | 3 4 5 7 8 10 11 13 14 | 14.4
Shields        | 4 5 6 7 8 10 | 10.8

Action                   |  1- 3 |  4- 6 |  7- 9 | 10-12 || total
-------------------------+-------+-------+-------+-------++-------
Melee: War axe           |    84 |   188 |   225 |   739 ||  1236
       Headbutt          |     5 |    35 |    49 |   139 ||   228
       Falchion          |       |       |       |    10 ||    10
Invok: Finesse           |       |       |       |     2 ||     2
       Heroism           |       |       |       |     1 ||     1
Evoke: Wand              |       |       |       |     9 ||     9
  Use: Scroll            |     3 |     4 |     3 |     7 ||    17
       Potion            |       |     1 |    11 |     6 ||    18
  Eat: Chunk             |     1 |    11 |     9 |    19 ||    40
       Fruit             |       |       |       |     3 ||     3
Armor: Scale mail        |    16 |       |       |       ||    16
       Chain mail        |    33 |   109 |    88 |   246 ||   476
       Skin              |       |       |     4 |       ||     4
Dodge: Dodged            |    25 |    63 |    55 |   211 ||   354
Block: Shield            |    56 |   110 |   113 |   374 ||   653
       Reflection        |       |       |       |     4 ||     4
